 Dungeon Crawl Stone Soup version 0.19.1 (webtiles) character file.

9622 empire the Magician (level 11, -15/74 HPs)
             Began as a Mottled Draconian Earth Elementalist on Dec 6, 2016.
             Was an Elder of Sif Muna.
             Demolished by a minotaur
             ... wielding a +3 rod of shadows (2/11)
              (17 damage)
             ... in a labyrinth.
             The game lasted 01:35:01 (15391 turns).

empire the Magician (DrEE)                         Turns: 15391, Time: 01:35:02

Health: -15/74     AC: 12    Str: 11    XL:     11   Next: 25%
Magic:  3/31       EV: 16    Int: 21    God:    Sif Muna [****..]
Gold:   195        SH:  0    Dex: 12    Spells: 6 memorised, 8 levels left

rFire  . . .     SeeInvis .     a - +2 dagger (protect)
rCold  . . .     Gourm    .     (armour unavailable)
rNeg   . . .     Faith    .     (no shield)
rPois  .         Spirit   .     (helmet restricted)
rElec  .         Reflect  .     y - +2 cloak
rCorr  .         Harm     .     (no gloves)
MR     .....                    q - +1 pair of boots
Stlth  ++........               h - amulet of regeneration
                                G - ring of magical power
                                J - +3 ring of intelligence

@: no status effects
A: breathe sticky flame splash, unfitting armour, cold-blooded, AC +7
a: Breathe Sticky Flame, Divine Energy, Channel Magic, Forget Spell, Renounce
Religion


You were in a labyrinth.
You worshipped Sif Muna.
Sif Muna was greatly pleased with you.
You were not hungry.

You visited 3 branches of the dungeon, and saw 13 of its levels.
You also visited: Labyrinth.

You collected 615 gold pieces.
You spent 420 gold pieces at shops.

Inventory:

Hand Weapons
 a - a +2 dagger of protection (weapon)
Missiles
 b - 417 stones (quivered)
 e - 15 sling bullets
Armour
 q - a +1 pair of boots (worn)
 y - a +2 cloak (worn)
Jewellery
 g - an uncursed ring of see invisible
 h - an amulet of regeneration (around neck)
 r - an uncursed ring of poison resistance
 G - a ring of magical power (right hand)
 J - a +3 ring of intelligence (left hand)
 T - an uncursed ring of positive energy {unknown}
 Y - a cursed ring of loudness {unknown}
Wands
 w - a wand of slowing (29/48)
 C - a wand of lightning (0/15)
 D - a wand of disintegration (12/24)
 F - a wand of teleportation (5/9)
 U - a wand of flame (36/48)
Scrolls
 i - a scroll of brand weapon {unknown}
 m - 8 scrolls of remove curse
 o - 3 scrolls of teleportation
 E - a scroll of fog
 Q - a scroll of recharging
Potions
 k - 6 potions of flight
 H - 3 potions of ambrosia
Books
 c - a book of Debilitation

   Spells                             Type                      Level
   a - Corona                         Hexes                        1
   b - Slow                           Hexes                        2
   c - Gell's Gravitas                Hexes/Translocation          3
   d - Inner Flame                    Hexes/Fire                   3
   e - Cause Fear                     Hexes                        4
   f - Leda's Liquefaction            Hexes/Earth                  4
 d - a book of Geomancy

   Spells                             Type                      Level
   a - Sandblast                      Earth                        1
   b - Passwall                       Transmutation/Earth          2
   c - Stone Arrow                    Conjuration/Earth            3
   d - Petrify                        Transmutation/Earth          4
   e - Lee's Rapid Deconstruction     Earth                        5
 z - a book of Misfortune

   Spells                             Type                      Level
   a - Confusing Touch                Hexes                        1
   b - Confuse                        Hexes                        3
   c - Gell's Gravitas                Hexes/Translocation          3
   d - Petrify                        Transmutation/Earth          4
   e - Metabolic Englaciation         Hexes/Ice                    5
   f - Yara's Violent Unravelling     Hexes/Transmutation          5
 B - a book of Flames

   Spells                             Type                      Level
   a - Flame Tongue                   Conjuration/Fire             1
   b - Throw Flame                    Conjuration/Fire             2
   c - Conjure Flame                  Conjuration/Fire             3
   d - Inner Flame                    Hexes/Fire                   3
   e - Sticky Flame                   Conjuration/Fire             4
   f - Fireball                       Conjuration/Fire             5
Comestibles
 f - 4 meat rations
 n - 18 fruits
 p - 6 beef jerkies
 t - a royal jelly
 x - 4 bread rations


   Skills:
 + Level 7.3 Dodging
 - Level 1.7 Stealth
 + Level 7.5 Spellcasting
 + Level 7.3 Conjurations
 - Level 3.3 Hexes
 - Level 3.4 Translocations
 - Level 4.6 Transmutations
 - Level 7.0 Fire Magic
 - Level 7.0 Earth Magic
 + Level 1.3 Invocations
 + Level 1.2 Evocations


You had 8 spell levels left.
You knew the following spells:

 Your Spells              Type           Power        Failure   Level  Hunger
a - Sandblast             Erth           #####.       1%          1    None
b - Stone Arrow           Conj/Erth      #####.       1%          3    None
c - Confuse               Hex            ###.....     10%         3    None
d - Passwall              Tmut/Erth      ####......   1%          2    None
e - Gell's Gravitas       Hex/Tloc       ###.......   10%         3    None
f - Fireball              Conj/Fire      #####.....   14%         5    #####..


Dungeon Overview and Level Annotations

Branches:
Dungeon (10/15)            Temple (1/1) D:6            Lair (2/6) D:9
  Swamp: Lair:2-4    Shoals: Lair:2-4     Snake: Lair:2-4    Spider: Lair:2-4
    Orc: D:9-12

Altars:
Ashenzari
Cheibriados
Dithmenos
Elyvilon
Fedhas
Gozag
Hepliaklqana
Kikubaaqudgha
Makhleb
Nemelex Xobeh
Okawaru
Qazlal
Ru
Sif Muna
Trog
Uskayaw
Xom
Yredelemnul
Zin
The Shining One

Shops:
D:6 }   D:7 ((:*}

Annotations:
D:2 Natasha
Lair:2 TheWoodenMan's ghost, journeyman TrFi


Innate Abilities, Weirdness & Mutations

You can spit globs of burning liquid.
You can ignite nearby creatures when you spit burning liquid.
Your weird mottled scales are hard. (AC +7)
You cannot fit into any form of body armour.
You are cold-blooded and may be slowed by cold attacks.


Message History

The minotaur barely misses you.
Evoke which item? (* to show all) (? for menu, Esc to quit)
Zapping:
D - a wand of disintegration (13/24)
Press: ? - help, Shift-Dir - straight line, f/p - bullfrog
Aim: a bullfrog (summoned, chance to defeat MR: 70%)
The minotaur easily resists.
This wand has 12 charges left.
The minotaur hits you but does no damage.
The minotaur gores you but does no damage.
The minotaur hits you with a rod of shadows!!
* * * LOW HITPOINT WARNING * * *
The minotaur gores you!
* * * LOW HITPOINT WARNING * * *
Casting: Stone Arrow
Confirm with . or Enter, or press ? or * to list all spells.
Aiming: Confuse
Press: ? - help, Shift-Dir - straight line, f - minotaur, p - bullfrog
Aim: a minotaur, wielding a rod of shadows (lightly wounded, chance to defeat MR: 19%)
The minotaur resists with almost no effort.
The minotaur hits you with a rod of shadows!
You die...

#.. #.#
#<# #.#
#.. #F#
#H# #@#
#.#.#
#.#.###
#.....
#.###
#.# #.#
### #.
# # #
### .


You could see a minotaur and a bullfrog.

Vanquished Creatures
  Erica (D:9)
  The ghost of Haldmier the Ruffian, a novice NaTm of Cheibriados (D:7)
  Pikel (D:8)
  2 spiny frogs
  A komodo dragon (Lair:1)
  8 blink frogs (Lair:1)
  5 yaks
  A water moccasin (Lair:1)
  4 ice beasts
  3 sky beasts
  3 orc warriors
  6 ogres
  2 phantoms
  2 crocodiles
  5 centaurs
  6 wolves (Lair:1)
  2 big kobolds
  5 bullfrogs
  2 wyvern zombies
  2 scorpions
  A killer bee (D:7)
  2 wights
  3 howler monkeys
  A crimson imp (D:5)
  3 quasits
  A centaur skeleton (D:4)
  3 jellies
  3 orc priests
  7 hounds
  A bullfrog skeleton (D:8)
  3 iguanas
  11 orc wizards
  Terence (D:2)
  10 worker ants
  A hound skeleton (D:6)
  A worker ant zombie (D:8)
  7 adders
  2 river rats (D:9)
  An ooze (D:5)
  2 adder zombies
  3 adder skeletons
  2 worms
  3 dart slugs
  5 leopard geckos
  41 orcs
  16 bats
  9 giant cockroaches
  5 goblins
  4 hobgoblins
  6 jackals
  3 kobolds
  A quokka (D:7)
  2 ball pythons
  A frilled lizard (D:3)
  2 quokka skeletons
  18 rats
  A plant (D:3)
248 creatures vanquished.

Vanquished Creatures (others)
  A slave (D:8)
  A wight (D:8)
  A worker ant (D:8)
  5 fungi
8 creatures vanquished.

Grand Total: 256 creatures vanquished

Notes
Turn   | Place    | Note
-------+----------+-------------------------------------------
     0 | D:1      | empire the Draconian Earth Elementalist began the quest for the Orb.
     0 | D:1      | Reached XP level 1. HP: 14/14 MP: 3/3
   226 | D:1      | Reached XP level 2. HP: 18/20 MP: 1/5
  1394 | D:2      | Reached XP level 3. HP: 7/26 MP: 1/7
  1511 | D:2      | Learned a level 3 spell: Stone Arrow
  1519 | D:2      | Noticed Terence
  1519 | D:2      | Noticed Natasha
  1898 | D:3      | Found an iron altar of Okawaru.
  2402 | D:3      | Reached XP level 4. HP: 33/33 MP: 8/8
  2804 | D:3      | Reached skill level 1 in Conjurations
  3061 | D:4      | Learned a level 3 spell: Confuse
  3180 | D:4      | Reached XP level 5. HP: 37/38 MP: 0/9
  3329 | D:4      | Reached skill level 1 in Hexes
  3556 | D:4      | Found a shadowy altar of Dithmenos.
  3754 | D:4      | Reached XP level 6. HP: 21/45 MP: 0/11
  3844 | D:4      | Learned a level 2 spell: Passwall
  3848 | D:4      | Learned a level 3 spell: Gell's Gravitas
  4261 | D:5      | Entered Level 5 of the Dungeon
  4261 | D:5      | Found a blossoming altar of Fedhas.
  4454 | D:5      | Found a hazy altar of Hepliaklqana.
  4460 | D:5      | Reached skill level 1 in Translocations
  4618 | D:5      | Your scales start taking on a weird mottled colour.
  4618 | D:5      | Reached XP level 7. HP: 14/50 MP: 0/12
  5461 | D:5      | Found an ancient bone altar of Kikubaaqudgha.
  5465 | D:5      | Found a hide-covered altar of Uskayaw.
  5467 | D:5      | Found a burning altar of Makhleb.
  5467 | D:5      | Noticed a cacodemon
  5472 | D:5      | Noticed a neqoxec
  5472 | D:5      | Noticed an orange demon
  5574 | D:6      | Found a staircase to the Ecumenical Temple.
  5615 | Temple   | Entered the Ecumenical Temple
  5770 | Temple   | Became a worshipper of Sif Muna the Loreminder
  5829 | D:6      | Reached skill level 5 in Earth Magic
  5829 | D:6      | Reached XP level 8. HP: 57/57 MP: 2/14
  6122 | D:6      | Gained mutation: You are clumsy. (Dex -2) [mutagenic meat]
  6126 | D:6      | Lost mutation: You are clumsy. (Dex -2) [potion of cure mutation]
  6382 | D:6      | Reached * piety under Sif Muna
  6552 | D:6      | Found Huiwij's Gadget Emporium.
  6729 | D:6      | Found an iron altar of Okawaru.
  7102 | D:7      | Reached skill level 5 in Spellcasting
  7102 | D:7      | Reached XP level 9. HP: 62/62 MP: 14/16
  7118 | D:7      | Noticed Haldmier's ghost (novice NaTm)
  7372 | D:7      | Found a sparkling altar of Nemelex Xobeh.
  7495 | D:7      | Reached skill level 5 in Dodging
  7653 | D:7      | Found Zofufreagh's Book Shoppe.
  7666 | D:7      | Found Xugem's Weapon Shoppe.
  7718 | D:7      | Killed Haldmier's ghost
  7718 | D:7      | Reached ** piety under Sif Muna
  7756 | D:7      | Found Vynocigo's Gadget Emporium.
  7921 | D:7      | Found Ycoicex's Assorted Antiques.
  8164 | D:7      | Found Yggomn's Weapon Boutique.
  8222 | D:7      | Bought a book of Flames for 420 gold pieces
  8228 | D:7      | Learned a level 5 spell: Fireball
  8297 | D:7      | Reached skill level 5 in Conjurations
  8441 | D:7      | Reached skill level 1 in Fire Magic
  8486 | D:7      | Got a heavily jewelled robe
  8668 | D:7      | You fall through a shaft for 3 floors!
  8668 | D:10     | Entered Level 10 of the Dungeon
  9025 | D:9      | Found a shimmering altar of Xom.
  9413 | D:8      | Found a bloodstained altar of Trog.
  9616 | D:8      | Noticed Pikel
  9651 | D:8      | Killed Pikel
  9651 | D:8      | Reached *** piety under Sif Muna
  9651 | D:8      | Reached XP level 10. HP: 66/69 MP: 1/19
 10338 | D:2      | Killed Terence
 10443 | D:2      | Found a glowing golden altar of the Shining One.
 11382 | D:9      | Reached skill level 5 in Fire Magic
 11899 | D:9      | Noticed Erica
 11929 | D:9      | Killed Erica
 12240 | D:9      | Found a staircase to the Lair.
 12250 | Lair:1   | Entered Level 1 of the Lair of Beasts
 12316 | Lair:1   | Noticed a spiny frog
 12323 | Lair:1   | Killed a spiny frog
 12334 | Lair:1   | Reached **** piety under Sif Muna
 13316 | Lair:1   | Reached XP level 11. HP: 34/74 MP: 3/21
 14024 | Lair:1   | Reached skill level 1 in Evocations
 14509 | Lair:2   | Reached skill level 1 in Invocations
 14554 | Lair:2   | Noticed TheWoodenMan's ghost (journeyman TrFi)
 14559 | Lair:2   | Found a labyrinth entrance.
 14569 | Lab      | Entered a labyrinth
 15366 | Lab      | Noticed a minotaur
 15390 | Lab      | HP: 2/74 [minotaur/rod of shadows (8)]
 15391 | Lab      | Identified a +3 rod of shadows (2/11)
 15391 | Lab      | Demolished by a minotaur

Skill      XL: |  1  2  3  4  5  6  7  8  9 10 11 |
---------------+----------------------------------+-----
Dodging        | 2 3 4 6 7 |  7.3
Spellcasting   | 3 4 5 6 7 |  7.5
Conjurations   | 1 2 3 4 5 7 |  7.3
Earth Magic    | 4 5 6 7 |  7.0
Hexes          | 1 2 3 |  3.3
Translocations | 1 2 3 |  3.4
Transmutations | 2 3 4 |  4.6
Fire Magic     | 4 7 |  7.0
Evocations     | 1 |  1.2
Invocations    | 1 |  1.3
Stealth        | |  1.7

Action                   |  1- 3 |  4- 6 |  7- 9 | 10-12 || total
-------------------------+-------+-------+-------+-------++-------
Melee: Unarmed           |     7 |       |       |       ||     7
       Dagger            |   141 |   331 |   183 |    76 ||   731
       Tailslap          |    16 |    47 |    14 |     5 ||    82
 Cast: Sandblast         |    17 |    53 |   116 |    85 ||   271
       Stone Arrow       |     1 |     6 |   160 |   110 ||   277
       Confuse           |       |       |    15 |    10 ||    25
       Passwall          |       |       |       |    12 ||    12
       Fireball          |       |       |       |     1 ||     1
 Abil: Breathe Sticky Fl |       |       |    10 |    10 ||    20
Evoke: Wand              |       |       |     2 |    13 ||    15
  Use: Scroll            |     9 |     4 |     3 |     9 ||    25
       Potion            |     1 |     3 |    12 |     5 ||    21
 Stab: Sleeping          |     4 |     4 |     2 |     2 ||    12
  Eat: Chunk             |     4 |     7 |    25 |    15 ||    51
       Fruit             |       |     1 |       |     6 ||     7
       Pizza             |       |     1 |       |       ||     1
       Bread ration      |       |       |     1 |     1 ||     2
Armor: Skin              |    64 |    68 |   167 |    99 ||   398
Dodge: Dodged            |   101 |   142 |   282 |   217 ||   742
